 Dungeon Crawl Stone Soup version 0.30-a0-629-gd54f4be4f7 (webtiles) character file.

Game seed: 4313957673081626596

84 warriortoast the Grasshopper (level 4, -2/35 HPs)
             Began as a Barachi Warper on Jan 12, 2023.
             Slain by a ball python (3 damage)
             ... on level 3 of the Dungeon.
             The game lasted 00:13:49 (2530 turns).

warriortoast the Grasshopper (Barachi Warper)       Turns: 2530, Time: 00:13:50

Health: -2/35      AC:  3    Str: 14    XL:     4   Next: 46%
Magic:  8/8        EV:  9    Int: 13    God:
Gold:   91         SH:  0    Dex: 12    Spells: 8/8 levels left

rFire   . . .      SeeInvis .    a - +0 mace
rCold   . . .      Faith    .    (no shield)
rNeg    . . .      Spirit   .    b - +0 leather armour
rPois   .          Reflect  .    (no helmet)
rElec   .          Harm     .    (no cloak)
rCorr   .          Rampage  .    (no gloves)
Will    .....                    (no boots)
Stlth   +                        (no amulet)
HPRegen 0.25/turn                (no ring)
MPRegen 0.11/turn                (no ring)

@: unable to hop, constricted, slow
A: amphibious, slowness 1, strong legs 1, +LOS
a: Hop


You were on level 3 of the Dungeon.
You visited 1 branch of the dungeon, and saw 3 of its levels.

You collected 91 gold pieces.

Inventory:

Hand Weapons
 a - a +0 mace (weapon)
Missiles
 d - 3 boomerangs of dispersal (quivered)
Armour
 b - a +0 leather armour (worn)
Scrolls
 i - a scroll of poison {unknown}
 j - a scroll of identify {unknown}
Potions
 e - a potion of curing
 f - 2 potions of attraction {unknown}
 h - a potion of magic {unknown}


   Skills:
 + Level 3.1 Fighting
 + Level 2.8 Maces & Flails
 - Level 1.0 Throwing
 + Level 2.2 Armour
 + Level 2.9 Dodging
 + Level 2.7 Spellcasting
 + Level 3.7 Translocations


You had 8 spell levels left.
You didn't know any spells.
Your spell library contained the following spells:

 Spells                   Type           Power      Damage    Failure   Level
 Blink                    Tloc           22%        N/A       10%         2
 Lesser Beckoning         Tloc           22%        N/A       19%         3
 Teleport Other           Tloc           11%        N/A       19%         3
 Vhi's Electric Charge    Tloc/Air       12%        N/A       38%         3
 Manifold Assault         Tloc           11%        N/A       54%         4


Dungeon Overview and Level Annotations

Branches:
Dungeon (3/15)

Altars:
Ru
Sif Muna

Annotations:
D:2 Sigmund


Innate Abilities, Weirdness & Mutations

You are amphibious.
You cover ground slowly.
You can hop short distances.
You have an extended range of vision and can be seen from far away.


Message History

The orc hits you with a +0 hand axe.
* * * LOW HITPOINT WARNING * * *
Hop to where?
Press: ? - help, Dir - move target A ball python comes into view.
Boing!
The ball python hisses angrily.
The ball python bites you.
* * * LOW HITPOINT WARNING * * *
The ball python closely misses you. The ball python barely misses you.
The ball python grabs you. The ball python constricts you.
* * * LOW HITPOINT WARNING * * *
Blink to where?
Press: ? - help, Dir - move target You escape the ball python's grasp.
As you read the scroll of blinking, it crumbles to dust.
You see here an adder corpse.
There is an open door here.
You barely miss the ball python.
The ball python bites you but does no damage.
The ball python closely misses you. The ball python bites you.
* * * LOW HITPOINT WARNING * * *
The ball python closely misses you.
You barely miss the ball python. The ball python bites you.
* * * LOW HITPOINT WARNING * * *
The ball python grabs you. The ball python constricts you.
You barely miss the ball python. The ball python barely misses you.
The ball python constricts you. The ball python bites you.
* * * LOW HITPOINT WARNING * * *
The ball python constricts you.
* * * LOW HITPOINT WARNING * * *
You hit the ball python.
The ball python is moderately wounded.
The ball python bites you.
* * * LOW HITPOINT WARNING * * *
The ball python constricts you.
You hit the ball python.
The ball python is severely wounded.
The ball python bites you.
You die...

###.# ... #....## #... ##...#
.... #.....# #... ....# ###....
######.###### ##..# .......
#...........# #...###......
#.####.####.# #.....#......
#.#.......#.# #.....#....
#####.#.##.##.#.#
#......#########...#.#.#...#.#.#
#......o.†....S@........._......
#.##...#########...#.#.#...#.#.#
##.##.#........
#####.#.##.##.#.#
....>..######## #.#.......#.#
#####.S## #.####.####.#
#...#######.# #...........#
#.#.........# ######.######
+.#..######## #.#......#
###..######## ###'######..


You could see an orc and a ball python.

Vanquished Creatures
  3 adders
  A worm (D:2)
  6 orcs
  A ball python (D:1)
  4 bats
  6 endoplasms
  3 giant cockroaches
  4 goblins
  2 hobgoblins
  2 quokkas (D:1)
  4 frilled lizards
  6 kobolds
  4 rats
46 creatures vanquished.

Vanquished Creatures (others)
  2 fungi (D:2)
  A plant (D:2)
3 creatures vanquished.

Grand Total: 49 creatures vanquished

Notes
Turn   | Place    | Note
-------+----------+-------------------------------------------
     0 | D:1      | warriortoast the Barachi Warper began the quest for the
                  | Orb.
     0 | D:1      | Reached XP level 1. HP: 17/17 MP: 3/3
   192 | D:1      | Reached XP level 2. HP: 23/23 MP: 5/5
   962 | D:2      | Reached XP level 3. HP: 28/28 MP: 6/6
   980 | D:2      | Found a faded altar of an unknown god.
  1066 | D:2      | Noticed Sigmund
  1176 | D:2      | Found a shimmering blue altar of Sif Muna.
  2082 | D:3      | Reached XP level 4. HP: 34/35 MP: 7/7
  2299 | D:3      | Found a sacrificial altar of Ru.
  2529 | D:3      | HP: 1/35 [ball python (3)]
  2530 | D:3      | Slain by a ball python

Illustrated notes

Levels and vault maps discovered:
D:1:      eino_arrival_tree_alley, layout_loops_ring, serial_rivers,
          chequers_serial_rivers_room_b, chequers_serial_rivers_micro_d,
          chequers_serial_rivers_small_b, chequers_serial_rivers_small_3,
          chequers_serial_rivers_large_a
D:2:      layout_loops_ring, basic_altar, shapermc_ecumenical_altar_ellora,
          uniq_sigmund
D:3:      layout_basic, nicolae_ru_sacrificial_ziggurat, minmay_misc_feat_rugged

Skill      XL: |  1  2  3 |
---------------+----------+-----
Armour         | 2 |  2.2
Fighting       | 3 |  3.1
Maces & Flails | |  2.8
Throwing       | |  1.0
Dodging        | |  2.9
Spellcasting   | |  2.7
Translocations | |  3.7

Action                   |  1- 3 |  4- 6 || total
-------------------------+-------+-------++-------
Melee: Mace              |   164 |    32 ||   196
       Punch             |     1 |     1 ||     2
Throw: Boomerang         |     3 |     1 ||     4
       Dart              |     1 |     6 ||     7
 Abil: Hop               |     3 |     1 ||     4
  Use: Potion            |     1 |     1 ||     2
       Scroll            |       |     1 ||     1
Armor: Leather armour    |    37 |     6 ||    43
Dodge: Dodged            |   126 |    21 ||   147

Table legend: (Time is in decaauts)
 A = Elapsed time spent in this place.
 B = Non-inter-level travel time spent in this place.
 C = Inter-level travel time spent in this place.
 D = Time resting spent in this place.
 E = Time spent auto-exploring this place.
 F = Levels seen in this place.
 G = Mean time per level.
                   A        B        C        D        E       F      G
               +--------+--------+--------+--------+--------+-----+--------+
         Total |   2847 |   2705 |    142 |    885 |   1232 |   3 |  949.0 |
       Dungeon |   2847 |   2705 |    142 |    885 |   1232 |   3 |  949.0 |
               +--------+--------+--------+--------+--------+-----+--------+

Top non-repeatable levels by time:
     D:1: 1477 daAuts
     D:2: 823 daAuts
     D:3: 546 daAuts
